 Dungeon Crawl Stone Soup version 0.21.1-1-g345015f (webtiles) character file.

58 odemus the Conjurer (level 3, -11/19 HPs)
             Began as a Deep Elf Conjurer on Apr 10, 2018.
             Shot with an arrow by a centaur (16 damage)
             ... on level 2 of the Dungeon.
             The game lasted 00:13:22 (2042 turns).

odemus the Conjurer (Deep Elf Conjurer)             Turns: 2042, Time: 00:13:23

Health: -11/19     AC:  2    Str:  5    XL:     3   Next: 75%
Magic:  7/10       EV: 13    Int: 20    God:
Gold:   104        SH:  0    Dex: 15    Spells: 5/9 levels left

rFire    . . .     SeeInvis .   g - +0 dagger
rCold    . . .     Gourm    .   (no shield)
rNeg     . . .     Faith    .   a - +0 robe
rPois    .         Spirit   .   (no helmet)
rElec    .         Reflect  .   (no cloak)
rCorr    .         Harm     .   (no gloves)
MR       .....                  (no boots)
Stlth    ++........             (no amulet)
HPRegen  0.06/turn              (no ring)
MPRegen  0.12/turn              (no ring)

@: very slightly contaminated
A: no striking features
a: no special abilities


You were on level 2 of the Dungeon.
You were not hungry.

You visited 1 branch of the dungeon, and saw 2 of its levels.

You collected 104 gold pieces.

Inventory:

Hand Weapons
 e - a +2 mace of pain
 g - a +0 dagger (weapon)
Armour
 a - a +0 robe (worn)
Jewellery
 i - an uncursed ring of protection from fire {unknown}
 j - a +5 ring of evasion {unknown}
 m - an uncursed amulet of regeneration {unknown}
Scrolls
 f - a scroll of enchant armour {unknown}
 h - 2 scrolls of identify {unknown}
 l - a scroll of amnesia {unknown}
 o - a scroll of immolation {unknown}
Potions
 k - 2 potions of brilliance {unknown}
 n - a potion of haste {unknown}
Books
 b - a book of Conjurations

   Spells                             Type                      Level
   a - Magic Dart                     Conjuration                  1
   b - Searing Ray                    Conjuration                  2
   c - Dazzling Spray                 Conjuration/Hexes            3
   d - Fulminant Prism                Conjuration/Hexes            4
   e - Force Lance                    Conjuration/Translocation    4
   f - Iskenderun's Mystic Blast      Conjuration                  4
Comestibles
 c - 3 rations


   Skills:
 - Level 2.5 Dodging
 + Level 3.2 Stealth
 + Level 3.6 Spellcasting
 * Level 5.4 Conjurations


You had 5 spell levels left.
You knew the following spells:

 Your Spells              Type           Power        Failure   Level  Hunger
a - Magic Dart            Conj           ####         1%          1    None
b - Dazzling Spray        Conj/Hex       ##....       13%         3    ###....


Dungeon Overview and Level Annotations

Branches:
Dungeon (2/15)

Altars:


Message History

You see here an arrow.
You feel much better.
The centaur shoots an arrow.
The arrow misses you.
The centaur shoots an arrow.
The arrow barely misses you.
The centaur shoots an arrow.
The arrow hits you.
You see here an arrow.
The centaur shoots an arrow.
The arrow misses you.
The centaur shoots an arrow.
The arrow hits you!
* * * LOW HITPOINT WARNING * * *
You see here an arrow.
The centaur shoots an arrow.
The arrow misses you.
Casting: Magic Dart
Confirm with . or Enter, or press ? or * to list all spells.
Aiming: Dazzling Spray
Press: ? - help, Shift-Dir - straight line, f - centaur
Aim: a centaur, wielding a shortbow You miscast Dazzling Spray.
You are very lightly contaminated with residual magic.
Your skin glows momentarily.
The centaur shoots an arrow.
The arrow hits you!
Ouch! That really hurt!
You die...

.........##...##....... #...##..#
.........#8...8#....c..##...##..#
.........##...##.......#8...8#..#
.........##...# ......##...###..
##......###...## #..#.....####.
#......##⌠...8# #..((.....####
##########...#### ####(####...##
#...##8###8##.#####....
##...(.@.(..c..(.....###
#8............########
##............# ##8###8###8###
### ### ###


You could see a centaur.

Vanquished Creatures
  2 adders
  3 dart slugs
  A leopard gecko (D:2)
  A ball python (D:1)
  4 giant cockroaches (D:1)
  2 hobgoblins (D:1)
  4 jackals (D:1)
  3 kobolds (D:1)
  2 bats (D:1)
  6 frilled lizards (D:1)
  6 rats
34 creatures vanquished.

Notes
Turn   | Place    | Note
-------+----------+-------------------------------------------
     0 | D:1      | odemus the Deep Elf Conjurer began the quest for the Orb.
     0 | D:1      | Reached XP level 1. HP: 10/10 MP: 6/6
   447 | D:1      | Reached XP level 2. HP: 15/15 MP: 2/8
   880 | D:1      | Reached skill level 5 in Conjurations
  1103 | D:1      | Reached XP level 3. HP: 19/19 MP: 5/9
  1197 | D:1      | Learned a level 3 spell: Dazzling Spray
  1869 | D:2      | Found a faded altar of an unknown god.
  1938 | D:2      | Noticed a centaur
  2042 | D:2      | Shot with an arrow by a centaur

Skill      XL: |  1  2  3 |
---------------+----------+-----
Conjurations   | 5 |  5.4
Stealth        | 3 |  3.2
Dodging        | |  2.5
Spellcasting   | |  3.6

Action                   || total
-------------------------++-------
Melee: Dagger            ||     3
 Cast: Magic Dart        ||    73
       Dazzling Spray    ||     3
  Use: Potion            ||     2
  Eat: Ration            ||     1
Armor: Robe              ||     7
Dodge: Dodged            ||    28
